 Dungeon Crawl Stone Soup version 0.22-a0-247-gbddf880 (webtiles) character file.

14 Amnesiac the Charlatan (level 2, -3/16 HPs)
             Began as a Deep Elf Artificer on Feb 25, 2018.
             Slain by an orc
             ... wielding a +0 flail
              (8 damage)
             ... on level 3 of the Dungeon.
             The game lasted 00:01:35 (211 turns).

Amnesiac the Charlatan (Deep Elf Artificer)          Turns: 211, Time: 00:01:36

Health: -3/16      AC:  3    Str:  9    XL:     2   Next: 27%
Magic:  7/7        EV: 12    Int: 15    God:
Gold:   59         SH:  0    Dex: 15    Spells: 1/1 levels left

rFire    . . .     SeeInvis .   j - +1 mace (drain)
rCold    . . .     Gourm    .   (no shield)
rNeg     . . .     Faith    .   b - +0 leather armour
rPois    .         Spirit   .   (no helmet)
rElec    .         Reflect  .   (no cloak)
rCorr    .         Harm     .   (no gloves)
MR       .....                  (no boots)
Stlth    ++........             (no amulet)
HPRegen  0.05/turn              (no ring)
MPRegen  0.10/turn              (no ring)

@: no status effects
A: no striking features
a: no special abilities


You were on level 3 of the Dungeon.
You were not hungry.

You visited 1 branch of the dungeon, and saw 3 of its levels.

You collected 59 gold pieces.

Inventory:

Hand Weapons
 a - a +0 short sword
 j - a +1 mace of draining (weapon)
Missiles
 g - 14 poisoned needles
Armour
 b - a +0 leather armour (worn)
Wands
 c - a wand of flame (15)
 d - a wand of enslavement (15)
 e - a wand of random effects (15)
Scrolls
 m - a scroll of fog {!r, unknown}
 n - a scroll of remove curse {!r, unknown}
Potions
 h - a potion of cancellation {!q, unknown}
 i - a potion of heal wounds {!q, unknown}
 l - a potion of curing {!q, unknown}
Comestibles
 f - 2 rations
 k - 3 chunks of flesh


   Skills:
 - Level 0.7 Fighting
 - Level 1.0 Short Blades
 - Level 2.4 Dodging
 - Level 1.2 Stealth
 + Level 4.1 Evocations


You had one spell level left.
You didn't know any spells.

Dungeon Overview and Level Annotations

Branches:
Dungeon (3/15)

Altars:


Message History

The hobgoblin is almost dead.
The hobgoblin hits you but does no damage.
The hobgoblin misses you.
You hit the hobgoblin.
You kill the hobgoblin!
The adder bites you but does no damage.
You thump the adder!
The adder is heavily wounded.
The adder barely misses you. The adder closely misses you.
You barely miss the adder.
The adder is heavily wounded.
The adder closely misses you. The adder bites you but does no damage.
You sock the adder!
You kill the adder!
Your Evocations skill increases to level 4!
You have reached level 2!
Things that are here:
a club; an adder corpse; a hobgoblin corpse You butcher the adder corpse.
k - a chunk of flesh You butcher the hobgoblin corpse.
k - 3 chunks of flesh (gained 2)
Things that are here:
a club; a hobgoblin skeleton
Things that are here:
a club; a hobgoblin skeleton You now have 32 gold pieces (gained 14).
You now have 42 gold pieces (gained 10).
The goblin is too close now for your liking.
A goblin is nearby!
Found 10 gold pieces, 18 stones and a scroll labeled FEORRU VILEE.
The helpless goblin fails to defend itself.
You hit the goblin.
You kill the goblin!
l - a fizzy silvery potion {!q} You see here 18 sling bullets.
Found a stone staircase leading down.
You now have 52 gold pieces (gained 10).
f - 2 rations (gained 1)
You see here 17 stones.
You now have 59 gold pieces (gained 7).
m - a scroll labeled FEORRU VILEE {!r}
n - a scroll labeled ESUMYACW BINAPP {!r} Search for what [? for help]? sli
There is a stone staircase leading down here.
You climb downwards.
There is a stone staircase leading up here.
You enter a teleport trap!
The teleport trap disappears.
Your surroundings suddenly seem different.
An adder, 6 orcs and 2 orc wizards come into view.
The orc shouts! x2; The orc wizard shouts!
The orc shouts! x2
The orc wizard shouts!
The orc wizard points at you and mumbles some strange words.
The puff of flame hits you!
The adder hisses angrily. 2 giant cockroaches come into view.
The orc wizard points at you and mumbles some strange words.
The puff of flame hits you!
* * * LOW HITPOINT WARNING * * *
The orc closely misses you. The orc closely misses you.
The orc hits you with a flail!
Ouch! That really hurt!
You die...

#############
.............#
.............#
.............#
.............#
.............#
......oo.o...#
....S.ooo@...#
..s...o.o....#
..s...........+
.............##
.............#
.............#
############.#
.# #


You could see 2 orc wizards, an adder, 6 orcs and 2 giant cockroaches.

Vanquished Creatures
  An adder (D:2)
  A goblin (D:2)
  2 hobgoblins (D:2)
4 creatures vanquished.

Notes
Turn   | Place    | Note
-------+----------+-------------------------------------------
     0 | D:1      | Amnesiac the Deep Elf Artificer began the quest for the Orb.
     0 | D:1      | Reached XP level 1. HP: 11/11 MP: 5/5
    93 | D:2      | Reached skill level 4 in Evocations
    93 | D:2      | Reached XP level 2. HP: 16/16 MP: 7/7
   211 | D:3      | Slain by an orc

Vault maps used:
D:1:      lemuel_arrival_river_bridge, minmay_rat_gold_closets
D:2:      kennysheep_generic_room_4

Skill      XL: |  1 |
---------------+----+-----
Evocations     | 4 |  4.1
Fighting       | |  0.7
Short Blades   | |  1.0
Dodging        | |  2.4
Stealth        | |  1.2

Action                   || total
-------------------------++-------
Melee: Mace              ||     8
 Stab: Sleeping          ||     1
Armor: Leather armour    ||     5
Dodge: Dodged            ||    12

Table legend:
 A = Spawn XP
 B = Non-spawn XP
 C = Spawn XP percentage of total XP
 D = Spawn monster count
 E = Non-spawn monster count
 F = Spawn count percentage of total count
 G = Total turns spent on level
                    A         B        C        D         E        F      G
               +---------+---------+-------+---------+---------+-------+---------
         Total |       0 |      20 |   0.0 |       0 |       4 |   0.0 |   211
               +---------+---------+-------+---------+---------+-------+---------
           D:2 |       0 |      20 |   0.0 |       0 |       4 |   0.0 |   151
               +---------+---------+-------+---------+---------+-------+---------
